 Dungeon Crawl Stone Soup version 0.28-a0-862-g58c29a6370 (webtiles) character file.

Game seed: 6919806981933401205

375 Peloso the Covered (level 6, -1/53 HPs)
             Began as a Minotaur Fighter on Nov 16, 2021.
             Slain by Duvessa (2 damage)
             ... on level 4 of the Dungeon.
             The game lasted 00:12:30 (3543 turns).

Peloso the Covered (Minotaur Fighter)               Turns: 3543, Time: 00:12:30

Health: -1/53      AC:  8    Str: 23    XL:     6   Next: 44%
Magic:  5/5        EV: 10    Int:  3    God:
Gold:   106        SH:  4    Dex: 11    Spells: 5/5 levels left

rFire   . . .      SeeInvis .   b - +2 short sword (holy)
rCold   . . .      Faith    .   c - +0 buckler
rNeg    . . .      Spirit   .   k - +0 scale mail
rPois   .          Reflect  .   (helmet restricted)
rElec   .          Harm     .   j - +0 cloak
rCorr   .          Rampage  .   (no gloves)
Will    .....                   (no boots)
Stlth   +.........              (no amulet)
HPRegen 0.17/turn               (no ring)
MPRegen 0.09/turn               (no ring)

@: no status effects
A: horns 2, retaliatory headbutt, thin skeletal structure 1, dopey 1, wild magic
1
a: no special abilities


You were on level 4 of the Dungeon.
You visited 1 branch of the dungeon, and saw 4 of its levels.

You collected 106 gold pieces.

Inventory:

Hand Weapons
 a - a +0 long sword
 b - a +2 short sword of holy wrath (weapon)
Armour
 c - a +0 buckler (worn)
 j - a +0 cloak (worn)
 k - a +0 scale mail (worn)
Jewellery
 n - an amulet of faith
Wands
 l - a wand of paralysis (3) (quivered)
Scrolls
 f - a scroll of enchant weapon {unknown}
 h - 2 scrolls of teleportation {unknown}
 i - 2 scrolls of immolation {unknown}
 m - 2 scrolls of identify {unknown}
 o - a scroll of blinking {unknown}
 p - 3 scrolls of torment {unknown}
Potions
 d - 2 potions of might
 e - 2 potions of mutation
 g - a potion of lignification {unknown}


   Skills:
 + Level 4.7 Fighting
 + Level 2.7(3.7) Short Blades
 + Level 4.3(4.8) Long Blades
 + Level 5.3 Armour
 + Level 1.7 Dodging
 + Level 1.0 Stealth
 + Level 4.2 Shields


You had 5 spell levels left.
You didn't know any spells.
Your spell library was empty.

Dungeon Overview and Level Annotations

Branches:
Dungeon (4/15)
 Temple: D:4-7

Altars:
Dithmenos
Elyvilon
Sif Muna
Trog

Annotations:
D:4 Duvessa


Innate Abilities, Weirdness & Mutations

You have a pair of horns on your head.
You reflexively headbutt those who attack you in melee.
You have a somewhat thin skeletal structure. (Dex +2, Stealth+)
You are dopey. (Int -2)
Your spells are a little harder to cast, but a little more powerful.


Message History

Duvessa hits you with a +0 rapier! Duvessa completely misses you.
You hit Duvessa. You headbutt Duvessa.
Duvessa is heavily wounded.
Duvessa hits you with a +0 rapier.
You barely miss Duvessa. Your headbutt misses Duvessa.
Duvessa is heavily wounded.
Duvessa barely misses you.
You hit Duvessa.
Duvessa is heavily wounded.
Duvessa hits you with a +0 rapier. You block Duvessa's attack.
You closely miss Duvessa.
Duvessa is heavily wounded.
Duvessa completely misses you. You furiously retaliate!
You headbutt Duvessa! You hit Duvessa but do no damage.
Duvessa is severely wounded.
Duvessa hits you with a +0 rapier!
You hit Duvessa.
Duvessa is severely wounded.
Duvessa hits you with a +0 rapier! Duvessa barely misses you.
You barely miss Duvessa. Your headbutt misses Duvessa.
Duvessa is severely wounded.
Duvessa hits you with a +0 rapier.
* * * LOW HITPOINT WARNING * * *
You closely miss Duvessa. You headbutt Duvessa.
Duvessa is almost dead.
Duvessa barely misses you. Duvessa hits you with a +0 rapier!
* * * LOW HITPOINT WARNING * * *
Okay, then.
You hit Duvessa but do no damage. Your headbutt misses Duvessa.
Duvessa is almost dead.
Duvessa barely misses you. You furiously retaliate!
You headbutt Duvessa. You hit Duvessa.
Duvessa is almost dead.
You block Duvessa's attack.
You barely miss Duvessa. You headbutt Duvessa.
Duvessa is almost dead.
Duvessa hits you with a +0 rapier.
* * * LOW HITPOINT WARNING * * *
Duvessa hits you with a +0 rapier.
You die...

...........## #..######
...#......## #...#....
..#####..## ##.>...##
.## ##..# #....## ##
#..# ##...## # #..#
#####...## #
#...#########.......#
##.....##....<......##
#......e@.....##.....##
#...#.....######......##
#...##...## #........##
#..# #...# #......#..#
#### #.. #...##
#......###.. .... ...
#....# ##....### ###
.... .... #....###...>##
# .... #^...#.....# #
#... #..........# ##


You could see Duvessa (berserk).

Vanquished Creatures
  A black bear (D:4)
  2 lemures (D:3)
  A scorpion (D:4)
  Dowan (D:4)
  Crazy Yiuf (D:3)
  Jessica (D:3)
  An iguana (D:4)
  Robin (D:4)
  An adder (D:3)
  3 dart slugs
  An orc (D:3)
  2 bats
  8 endoplasms
  5 giant cockroaches
  15 goblins
  5 hobgoblins
  4 jackals (D:2)
  4 quokkas
  7 ball pythons
  2 frilled lizards (D:3)
  6 kobolds
  8 rats
80 creatures vanquished.

Vanquished Creatures (others)
  A kobold (D:1)
1 creature vanquished.

Grand Total: 81 creatures vanquished

Notes
Turn   | Place    | Note
-------+----------+-------------------------------------------
     0 | D:1      | Peloso the Minotaur Fighter began the quest for the Orb.
     0 | D:1      | Reached XP level 1. HP: 19/19 MP: 0/0
   344 | D:2      | Reached XP level 2. HP: 27/27 MP: 1/1
   412 | D:1      | Reached skill level 4 in Armour
   661 | D:1      | Reached XP level 3. HP: 29/33 MP: 2/2
  1217 | D:2      | Found a bloodstained altar of Trog.
  1480 | D:2      | Found a faded altar of an unknown god.
  1942 | D:3      | Found a white marble altar of Elyvilon.
  1971 | D:3      | Reached XP level 4. HP: 40/41 MP: 3/3
  2187 | D:3      | Noticed Jessica
  2193 | D:3      | Found a shimmering blue altar of Sif Muna.
  2199 | D:3      | Killed Jessica
  2237 | D:3      | Found a runed translucent door.
  2238 | D:3      | Noticed Crazy Yiuf
  2301 | D:3      | Found a shadowy altar of Dithmenos.
  2713 | D:4      | Reached skill level 1 in Short Blades
  2861 | D:4      | Noticed a lemure
  2861 | D:4      | Noticed a black bear
  2861 | D:4      | Noticed a lemure
  2899 | D:3      | Gained mutation: You have a somewhat thin skeletal
                  | structure. (Dex +2, Stealth+) [potion of mutation]
  2899 | D:3      | Gained mutation: You are dopey. (Int -2) [potion of
                  | mutation]
  2899 | D:3      | Gained mutation: Your spells are a little harder to cast,
                  | but a little more powerful. [potion of mutation]
  2909 | D:3      | Killed a lemure
  2917 | D:3      | Killed a lemure
  3062 | D:3      | Killed Crazy Yiuf
  3063 | D:3      | Reached XP level 5. HP: 47/47 MP: 4/4
  3124 | D:4      | Reached skill level 5 in Armour
  3348 | D:4      | Noticed Robin
  3351 | D:4      | Noticed Dowan
  3400 | D:4      | Reached skill level 1 in Dodging
  3407 | D:4      | Killed Dowan
  3408 | D:4      | Reached XP level 6. HP: 39/53 MP: 5/5
  3410 | D:4      | Killed Robin
  3416 | D:4      | Reached skill level 1 in Stealth
  3525 | D:4      | Noticed Duvessa
  3540 | D:4      | HP: 1/53 [Duvessa (12)]
  3543 | D:4      | Slain by Duvessa

Illustrated notes

Levels and vault maps discovered:
D:1:      amcnicky_arrival_choice, layout_rooms
D:2:      layout_basic, basic_altar, hellmonk_ecumenical_altar_crossroads
D:3:      layout_loops_cross, tgw_sif, mainiacjoe_overflow_catch_the_wave,
          uniq_crazy_yiuf_cottage
D:4:      layout_layer_cave, nicolae_hepliaklqana_monster_ancestors,
          gammafunk_temple_overflow_statue, kennysheep_generic_room_12,
          uniq_pikel, uniq_duvessa, uniq_robin, uniq_natasha, uniq_menkaure

Skill      XL: |  1  2  3  4  5  6 |
---------------+-------------------+-----
Fighting       | 4 |  4.7
Armour         | 4 5 |  5.3
Long Blades    | 3 4 |  4.3
Shields        | 4 |  4.2
Short Blades   | 1 2 |  2.7
Dodging        | 1 |  1.7
Stealth        | 1 |  1.0

Action                   |  1- 3 |  4- 6 || total
-------------------------+-------+-------++-------
Melee: Long sword        |    82 |       ||    82
       Headbutt          |    18 |    21 ||    39
       Short sword       |     6 |   111 ||   117
Evoke: Wand              |       |     2 ||     2
  Use: Potion            |       |     6 ||     6
 Stab: Paralysed         |       |     5 ||     5
Armor: Scale mail        |    47 |    34 ||    81
Dodge: Dodged            |    32 |    40 ||    72
Block: Buckler           |    16 |    15 ||    31

Table legend: (Time is in decaauts)
 A = Elapsed time spent in this place.
 B = Non-inter-level travel time spent in this place.
 C = Inter-level travel time spent in this place.
 D = Time resting spent in this place.
 E = Time spent auto-exploring this place.
 F = Levels seen in this place.
 G = Mean time per level.
                   A        B        C        D        E       F      G
               +--------+--------+--------+--------+--------+-----+--------+
         Total |   3541 |   3478 |     63 |    585 |   2075 |   4 |  885.2 |
       Dungeon |   3541 |   3478 |     63 |    585 |   2075 |   4 |  885.2 |
               +--------+--------+--------+--------+--------+-----+--------+

Top non-repeatable levels by time:
     D:3: 1033 daAuts
     D:2: 887 daAuts
     D:1: 864 daAuts
     D:4: 756 daAuts
